 Dungeon Crawl Stone Soup version 0.21.1-1-g345015fe64 (webtiles) character file.

177 Khress the Covert (level 5, 0/39 HPs)
             Began as a Vampire Assassin on Feb 18, 2018.
             Slain by an adder (5 damage)
             ... on level 2 of the Dungeon.
             The game lasted 00:04:14 (1067 turns).

Khress the Covert (Vampire Assassin)                Turns: 1067, Time: 00:04:14

Health: 0/39       AC:  4    Str: 10    XL:     5   Next: 31%
Magic:  5/5        EV: 11    Int: 14    God:
Gold:   71         SH:  0    Dex: 16    Spells: 4/4 levels left

rFire    . . .     SeeInvis +   u - +0 scythe
rCold    . . .     Gourm    +   (shield currently unavailable)
rNeg     + . .     Faith    .   o - +0 leather armour
rPois    .         Spirit   .   (no helmet)
rElec    .         Reflect  .   d - +0 cloak
rCorr    .         Harm     .   (no gloves)
MR       .....                  (no boots)
Stlth    +++++.....             s - amulet of the gourmand
HPRegen  0.13/turn              v - ring of stealth
MPRegen  0.09/turn              (no ring)

@: lethally poisoned (0 -> -3)
A: fangs 3, see invisible, unbreathing
a: Bat Form


You were on level 2 of the Dungeon.
You were not thirsty.

You visited 1 branch of the dungeon, and saw 2 of its levels.

You collected 71 gold pieces.

Inventory:

Hand Weapons
 a - a +2 dagger
 b - a +0 blowgun
 u - a +0 scythe (weapon)
Missiles
 e - 8 poisoned needles
 f - 2 curare-tipped needles
 k - 5 large rocks
Armour
 c - a +0 robe
 d - a +0 cloak (worn)
 o - a +0 leather armour (worn)
Jewellery
 s - an amulet of the gourmand (around neck)
 v - a ring of stealth (left hand)
Wands
 t - a wand of flame (29)
Scrolls
 j - a scroll of fog {unknown}
 l - 2 scrolls of teleportation {unknown}
 n - a scroll of amnesia {unknown}
 q - a scroll of enchant weapon {unknown}
 r - a scroll of magic mapping {unknown}
Potions
 g - 6 potions of blood
 h - 2 potions of degeneration
 i - a potion of flight {unknown}
 m - 2 potions of resistance {unknown}
 p - 2 potions of cancellation {unknown}


   Skills:
 + Level 2.5 Fighting
 + Level 2.8 Short Blades
 + Level 1.8 Throwing
 + Level 0.2 Armour
 + Level 1.1 Dodging
 + Level 8.9 Stealth


You had 4 spell levels left.
You didn't know any spells.

Dungeon Overview and Level Annotations

Branches:
Dungeon (2/15)

Altars:


Innate Abilities, Weirdness & Mutations

You have razor-sharp teeth.
You have supernaturally acute eyesight. (SInv)
You can survive without breathing.


Message History

You feel sick. The adder bites you but does no damage.
The quokka completely misses you. x2; The adder bites you but does no damage.
You closely miss the adder. Your bite misses the adder.
The adder is heavily wounded.
You feel sick. The adder closely misses you.
The quokka bites you but does no damage.
The adder bites you.
* * * LOW HITPOINT WARNING * * *
The quokka bites you.
* * * LOW HITPOINT WARNING * * *
The adder bites you but does no damage. The quokka misses you.
The quokka barely misses you.
You feel sick.
The quokka bites you but does no damage.
You feel sick. The adder closely misses you.
You feel sick.
You feel sick. The adder closely misses you.
You feel sick. The adder bites you.
You die...

#.#...###..# #.#####..#
#...##.#.#.# #.#
#..##### ##.## #.##.#
#.# #......# #.# ####.#
#.# #..###.# #.#
##.####.#####..#
##.######.....#.(......#
#.........###(##.#.....#
#..######.# #..).....###
#..# #( #.#@.###.# #..#
#. ...#S.# #.# ##..#
#######r.###.#####.#
....# ### #............#
.#.## >. #.####.#####.#
.#..# #. #.##...# ....#
##.##.##.#.# .#..#
##...#......# >#..###
#..#..##+++##


You could see an adder and a quokka.

Vanquished Creatures
  Sigmund (D:2)
  2 giant cockroaches
  2 goblins
  4 hobgoblins
  3 kobolds (D:1)
  7 rats
19 creatures vanquished.

Notes
Turn   | Place    | Note
-------+----------+-------------------------------------------
     0 | D:1      | Khress the Vampire Assassin began the quest for the Orb.
     0 | D:1      | Reached XP level 1. HP: 16/16 MP: 1/1
    41 | D:1      | Reached skill level 6 in Stealth
   480 | D:1      | Reached XP level 2. HP: 22/22 MP: 2/2
   999 | D:2      | Noticed Sigmund
  1004 | D:2      | Killed Sigmund
  1004 | D:2      | Reached skill level 8 in Stealth
  1004 | D:2      | Reached XP level 3. HP: 28/28 MP: 3/3
  1004 | D:2      | Reached XP level 4. HP: 34/34 MP: 4/4
  1004 | D:2      | Reached XP level 5. HP: 39/39 MP: 5/5
  1067 | D:2      | Slain by an adder

Skill      XL: |  1  2 |
---------------+-------+-----
Stealth        | 6 8 |  8.9
Fighting       | 2 |  2.5
Short Blades   | |  2.8
Throwing       | |  1.8
Armour         | |  0.2
Dodging        | |  1.1

Action                   |  1- 3 |  4- 6 || total
-------------------------+-------+-------++-------
Melee: Dagger            |    28 |       ||    28
       Bite              |     5 |       ||     5
       Scythe            |       |     8 ||     8
  Use: Scroll            |     1 |       ||     1
       Potion            |       |     1 ||     1
 Stab: Sleeping          |     9 |     1 ||    10
Armor: Robe              |     4 |       ||     4
       Leather armour    |       |     6 ||     6
Dodge: Dodged            |     6 |    16 ||    22
